 Dungeon Crawl Stone Soup version 0.30-a0-918-g0ff054e9dc (webtiles) character file.

Game seed: 7690004304375548822

865 cforsyth the Shield-Bearer (level 8, -2/62 HPs)
             Began as a Human Fighter on Mar 20, 2023.
             Slain by Pikel
             ... wielding a +0 whip of electrocution
              (18 damage)
             ... on level 4 of the Dungeon.
             The game lasted 00:05:32 (4135 turns).

cforsyth the Shield-Bearer (Human Fighter)          Turns: 4135, Time: 00:05:33

Health: -2/62      AC: 15    Str: 22    XL:     8   Next: 23%
Magic:  8/8        EV:  9    Int:  9    God:
Gold:   347        SH:  5    Dex: 16    Spells: 7/7 levels left

rFire   . . .      SeeInvis .    n - +9 spear "Plog" {protect, rPois rC+ Str+3 Dex+4}
rCold   + . .      Faith    .    c - +0 buckler
rNeg    . . .      Spirit   .    b - +0 scale mail
rPois   +          Reflect  .    (no helmet)
rElec   .          Rampage  .    (no cloak)
rCorr   .                        (no gloves)
Will    .....                    t - +0 pair of boots Stlth
                                 (no amulet)
HPRegen 0.30/turn                (no ring)
MPRegen 0.11/turn                (no ring)

@: under a protective aura, studying Staves
A: no striking features
a: no special abilities


You were on level 4 of the Dungeon.
You visited 2 branches of the dungeon, and saw 6 of its levels.

You collected 347 gold pieces.

Inventory:

Hand Weapons
 a - a +0 flail
 l - the +9 short sword of Hell's Wrath {vamp, *Rage rF+ Int+4 Dex+3}
   (You found it on level 2 of the Dungeon)

   Int:       It affects your intelligence (+4).
   Dex:       It affects your dexterity (+3).
   rF:        It protects you from fire.
   *Rage:     It berserks you when you make melee attacks (+20% chance).
 n - the +9 spear "Plog" (weapon) {protect, rPois rC+ Str+3 Dex+4}
   (You found it on level 2 of the Dungeon)

   Str:       It affects your strength (+3).
   Dex:       It affects your dexterity (+4).
   rC:        It protects you from cold.
   rPois:     It protects you from poison.
Armour
 b - a +0 scale mail (worn)
 c - a +0 buckler (worn)
 t - a +0 pair of boots (worn)
Jewellery
 g - a ring of protection from cold
 k - a ring of wizardry
Scrolls
 i - a scroll of enchant armour {unknown}
 m - a scroll of enchant weapon {unknown}
 o - 2 scrolls of vulnerability {unknown}
 q - a scroll of noise {unknown}
 r - a scroll of magic mapping {unknown}
 u - a scroll of butterflies {unknown}
 w - 2 scrolls of teleportation {unknown}
 x - a scroll of identify {unknown}
 y - a scroll of fog {unknown}
 z - a scroll of fear {unknown}
 A - a scroll of blinking {unknown}
Potions
 d - a potion of might
 e - 2 potions of attraction {unknown}
 f - a potion of degeneration {unknown}
 h - 3 potions of curing {unknown}
 j - 3 potions of brilliance {unknown}
 p - 3 potions of haste {unknown}
 s - a potion of lignification {unknown}
 v - 4 potions of berserk rage {unknown}


   Skills:
 + Level 5.2 Fighting
 - Level 2.5 Maces & Flails
 - Level 3.8 Polearms
 + Level 5.2 Armour
 + Level 5.2 Shields


You had 7 spell levels left.
You didn't know any spells.
Your spell library contained the following spells:

 Spells                   Type           Power      Damage    Failure   Level
 Ensorcelled Hibernation  Hex/Ice        0%         N/A       89%         2
 Passwall                 Tmut/Erth      0%         N/A       89%         2
 Ozocubu's Armour         Ice            0%         N/A       98%         3
 Swiftness                Air            0%         N/A       98%         3
 Ozocubu's Refrigeration  Ice            0%         4d7       100%        7


Dungeon Overview and Level Annotations

Branches:
Dungeon (5/15)             Temple (1/1) D:5

Altars:
Ashenzari
Dithmenos
Elyvilon
Makhleb
Nemelex Xobeh
Ru
Trog
Uskayaw
Vehumet
Wu Jian
Xom
Yredelemnul
The Shining One

Annotations:
D:4 Pikel


Message History

You puncture the lemure!
The lemure is heavily wounded.
The lemure hits you.
You hit the lemure.
The lemure is severely wounded.
The lemure hits you.
You puncture the lemure!
You kill the lemure!
That felt strangely unrewarding.
You reach to attack!
You puncture Pikel!
Pikel is moderately wounded.
You reach to attack!
You completely miss Pikel.
Pikel is moderately wounded.
You hit Pikel.
Pikel is moderately wounded.
You hit Pikel.
Pikel is moderately wounded.
Pikel says, "You'll freeze in Cocytus!"
Pikel hits you but does no damage.
You closely miss Pikel.
Pikel is moderately wounded.
Pikel hits you with a +0 whip of electrocution.
You are electrocuted!
You barely miss Pikel.
Pikel is moderately wounded.
Pikel hits you but does no damage.
You are electrocuted!!
You are too injured to fight recklessly!
You are too injured to fight recklessly!
You are too injured to fight recklessly!
You are too injured to fight recklessly!
You are too injured to fight recklessly!
You are too injured to fight recklessly!
You are too injured to fight recklessly!
You are too injured to fight recklessly!
You closely miss Pikel.
Pikel is moderately wounded.
Pikel hits you with a +0 whip of electrocution.
* * * LOW HITPOINT WARNING * * *
You are electrocuted!!
You die...

#######......# #........#
.............# #........#
###########.####........#
...............'>.......#
###########.####....#####
###### #..# #....# .....#
#..###....# .....#
#......#### .....#
######@# .....# #K#
.....# #5# #############
#.# #.#.#.#.#.#.## #.#
.#.#.#.#.#.#.###.####
#.#.#.#.#.#.#.......#
.#.#.#.#.#.#+.......#
#.....#.#.#.#......5#####


You could see Pikel and a lemure.

Vanquished Creatures
  Sigmund (D:5)
  Edmund (D:4)
  3 black bears (D:5)
  3 lemures (D:4)
  A scorpion (D:4)
  A hound (D:5)
  An iguana (D:4)
  11 adders
  An ufetubus (D:5)
  A worm (D:2)
  2 dart slugs
  4 orcs
  9 ball pythons
  2 bats
  6 endoplasms
  4 giant cockroaches
  8 goblins
  8 hobgoblins
  2 kobolds
  4 quokkas
  4 frilled lizards
  16 rats
93 creatures vanquished.

Notes
Turn   | Place    | Note
-------+----------+-------------------------------------------
     0 | D:1      | cforsyth the Human Fighter began the quest for the Orb.
     0 | D:1      | Reached XP level 1. HP: 18/18 MP: 1/1
   238 | D:1      | Reached XP level 2. HP: 24/24 MP: 2/2
   514 | D:1      | Found a faded altar of an unknown god.
   578 | D:1      | Reached XP level 3. HP: 29/29 MP: 3/3
  1016 | D:2      | Identified the +9 short sword of Hell's Wrath {vamp, *Rage
                  | rF+ Int+4 Dex+3}
  1206 | D:2      | Identified the +9 spear "Plog" {protect, rPois rC+ Str+3
                  | Dex+4}
  1685 | D:2      | Reached XP level 4. HP: 35/35 MP: 4/4
  1915 | D:3      | You fall into a shaft and drop 2 floors!
  1915 | D:5      | Entered Level 5 of the Dungeon
  2000 | D:5      | Noticed a black bear
  2006 | D:5      | Killed a black bear
  2007 | D:5      | Reached skill level 1 in Polearms
  2007 | D:5      | Reached XP level 5. HP: 35/42 MP: 5/5
  2111 | D:5      | Found a staircase to the Ecumenical Temple.
  2148 | D:5      | Reached XP level 6. HP: 43/48 MP: 6/6
  2151 | Temple   | Entered the Ecumenical Temple
  2174 | D:5      | Noticed a black bear
  2181 | D:5      | Killed a black bear
  2365 | D:5      | Noticed a black bear
  2371 | D:5      | Killed a black bear
  2372 | D:5      | Reached XP level 7. HP: 53/55 MP: 7/7
  2484 | D:5      | Found a sacrificial altar of Ru.
  2554 | D:5      | Noticed Sigmund
  2578 | D:5      | Killed Sigmund
  2982 | D:4      | Reached skill level 5 in Fighting
  2982 | D:4      | Reached skill level 5 in Armour
  2982 | D:4      | Reached skill level 5 in Shields
  3015 | D:4      | Noticed Edmund
  3024 | D:4      | Killed Edmund
  3025 | D:4      | Reached XP level 8. HP: 52/62 MP: 8/8
  3381 | D:4      | Noticed Pikel
  3719 | D:3      | Found a faded altar of an unknown god.
  3724 | D:3      | Found a broken altar of Ashenzari.
  3870 | D:3      | Found a bloodstained altar of Trog.
  4135 | D:4      | Slain by Pikel

Illustrated notes

Levels and vault maps discovered:
D:1:      onia_arrival_mini_spirals, layout_basic,
          ebering_ecumenical_altar_hall, serial_rivers,
          chequers_serial_rivers_large_b, chequers_serial_rivers_room_b,
          chequers_serial_rivers_micro_b, chequers_serial_rivers_micro_e
D:2:      layout_loops_corners, minmay_rat_gold_closets
D:3:      layout_loops_cross, nicolae_overflow_crystal_walls,
          nicolae_overflow_ecumenical_swirl, nicolae_figureground_sparkle
D:4:      layout_basic, serial_park_tiny_pond, minmay_snake_closets,
          uniq_edmund, uniq_pikel
D:5:      layout_loops_cross, mainiacjoe_overflow_boulevard,
          minmay_temple_entry_overgrown, uniq_sigmund
Temple:   hellmonk_temple_micro_hex

Skill      XL: |  1  2  3  4  5  6  7 |
---------------+----------------------+-----
Polearms       | 1 2 3 |  3.8
Fighting       | 4 5 |  5.2
Armour         | 4 5 |  5.2
Shields        | 4 5 |  5.2
Maces & Flails | |  2.5

Action                     |  1- 3 |  4- 6 |  7- 9 || total
---------------------------+-------+-------+-------++-------
  Melee: Flail             |    62 |       |       ||    62
         Short sword       |    10 |       |       ||    10
         Spear             |     9 |    57 |   126 ||   192
 Armour: Scale mail        |    29 |    30 |    24 ||    83
  Dodge: Dodged            |    31 |    23 |    23 ||    77
  Block: Buckler           |    14 |    13 |    15 ||    42

Table legend: (Time is in decaauts)
 A = Elapsed time spent in this place.
 B = Non-inter-level travel time spent in this place.
 C = Inter-level travel time spent in this place.
 D = Time resting spent in this place.
 E = Time spent auto-exploring this place.
 F = Levels seen in this place.
 G = Mean time per level.
                   A        B        C        D        E       F      G
               +--------+--------+--------+--------+--------+-----+--------+
         Total |   4215 |   4047 |    168 |      4 |   3433 |   6 |  702.5 |
       Dungeon |   4201 |   4034 |    167 |      4 |   3421 |   5 |  840.2 |
        Temple |     13 |     12 |      1 |      0 |     12 |   1 |   13.0 |
               +--------+--------+--------+--------+--------+-----+--------+

Top non-repeatable levels by time:
     D:1: 1057 daAuts
     D:5: 916 daAuts
     D:2: 916 daAuts
     D:3: 671 daAuts
     D:4: 639 daAuts
  Temple: 13 daAuts
